 Dungeon Crawl Stone Soup version 0.31.0-32-g396128a36d (webtiles) character file.

Game seed: 13539435905496034764

124 Marvel the Ducker (level 5, 0/37 HPs)
             Began as an Octopode Monk on Mar 25, 2024.
             Slain by a gnoll bouda
             ... wielding a +0 club
              (7 damage)
             ... on level 3 of the Dungeon.
             The game lasted 00:02:38 (2086 turns).

Marvel the Ducker (Octopode Monk)                   Turns: 2086, Time: 00:02:38

Health: 0/37       AC:  1    Str: 11    XL:     5   Next: 8%
Magic:  5/5        EV: 15    Int: 12    God:
Gold:   176        SH:  0    Dex: 16    Spells: 4/4 levels left

rFire   . .          .
                       - Unarmed
rCold   . . .        b - orb {light}
rNeg    + . .        (helmet restricted)
rPois   .            (no amulet)
rElec   .            g - ring of positive energy
rCorr   .            (no ring)
SInv    .            (no ring)
Will    .....        (no ring)
Stlth   +            (no ring)
HPRegen 0.26/turn    (no ring)
MPRegen 0.09/turn    (no ring)
                     (no ring)

%: no passive effects
@: weakened, glowing
A: almost no armour, amphibious, 8 rings, camouflage 1, gelatinous body 1,
(nimble swimmer 1), tentacles
a: no special abilities


You were on level 3 of the Dungeon.
You visited 1 branch of the dungeon, and saw 4 of its levels.

You collected 176 gold pieces.

Inventory:

Armour
 b - an orb of light (worn)
Jewellery
 g - a ring of positive energy (left tentacle)
 l - a ring of flight
Scrolls
 c - 4 scrolls of identify {unknown}
 d - a scroll of torment {unknown}
 e - a scroll of fog {unknown}
 h - a scroll of teleportation {unknown}
 j - a scroll of brand weapon {unknown}
 k - a scroll of revelation {unknown}
 m - a scroll of acquirement {unknown}
 o - a scroll of poison {unknown}
 p - a scroll of immolation {unknown}
 q - a scroll of blinking {unknown}
Potions
 a - 2 potions of ambrosia
 f - a potion of brilliance {unknown}
 i - a potion of curing {unknown}
 n - a potion of might {unknown}


   Skills:
 + Level 4.0 Fighting
 + Level 4.3 Dodging
 + Level 1.8 Stealth
 - Level 3.4 Unarmed Combat


You had 4 spell levels left.
You didn't know any spells.
Your spell library contained the following spells:

 Spells                   Type           Power      Damage    Failure   Level
 Summon Forest            Summ/Tloc      0%         N/A       100%        5
 Summon Mana Viper        Hex/Summ       0%         N/A       100%        5
 Summon Cactus Giant      Summ           0%         N/A       100%        6


Dungeon Overview and Level Annotations

Branches:
Dungeon (4/15)
 Temple: D:4-7

Altars:


Innate Abilities, Weirdness & Mutations

You cannot wear most types of armour.
You are amphibious.
You can wear up to eight rings at the same time.
Your skin changes colour to match your surroundings (Stealth+).
Your rubbery body absorbs attacks. (AC +1, EV +1)
((You are camouflaged when in or above water. (Stealth+)))
You have tentacles for arms and can constrict up to eight enemies at once.


Message History

There is a stone staircase leading down here.
You start resting.
HP restored.
You climb downwards.
You hear the sound of rushing water.
There is an entrance to a sewer on this level.
Hurry and find it before the portal rusts away!
You hear the slow rusting of a very distant drain.
The gnoll bouda gazes fiercely through you!
You feel your attacks grow feeble. The gnoll bouda misses you.
The gnoll bouda barks out a call to the hunt!
The gnolls pick up the pace!
There is a stone staircase leading up here.
The gnoll bouda hits you with a +0 club!
You climb upwards.
There is a stone staircase leading down here.
You tentacle-slap the gnoll bouda. You grab the gnoll bouda.
The gnoll bouda is moderately wounded.
You constrict the gnoll bouda.
The gnoll bouda hits you with a +0 club!
You tentacle-slap the gnoll bouda but do no damage.
The gnoll bouda is heavily wounded.
You constrict the gnoll bouda, but do no damage.
The gnoll bouda hits you with a +0 club!
* * * LOW HITPOINT WARNING * * *
You tentacle-slap the gnoll bouda but do no damage.
You squeeze the gnoll bouda.
The gnoll bouda is severely wounded.
Your attacks no longer feel as feeble.
You constrict the gnoll bouda. The gnoll bouda barely misses you.
You tentacle-slap the gnoll bouda.
The gnoll bouda is severely wounded.
You constrict the gnoll bouda. The gnoll bouda closely misses you.
You tentacle-slap the gnoll bouda but do no damage.
The gnoll bouda is almost dead.
You constrict the gnoll bouda.
The gnoll bouda gazes fiercely through you!
You feel your attacks grow feeble.
The gnoll bouda hits you with a +0 club!
You die...

#.#.##.#
#.######.#######
#......# #.######.#
#.. ######.#
#........# #)#
#.#####.######## #.#
#.......############.#
####.................#
##.#############..#
#................#
#@.#.#.########.##
#g...#.# #... ##.###.#
#### #.....# #######


You could see a gnoll bouda.

Vanquished Creatures
  An orc priest (D:3)
  2 adders
  3 dart slugs
  2 ribbon worms
  2 orcs (D:3)
  5 endoplasms
  A giant cockroach (D:1)
  4 goblins
  10 hobgoblins
  6 jackals
  2 quokkas (D:2)
  4 ball pythons
  3 bats
  6 frilled lizards
  4 kobolds
  7 rats
62 creatures vanquished.

Notes
Turn   | Place    | Note
-------+----------+-------------------------------------------
     0 | D:1      | Marvel the Octopode Monk began the quest for the Orb.
     0 | D:1      | Reached XP level 1. HP: 16/16 MP: 1/1
   172 | D:1      | Reached XP level 2. HP: 21/21 MP: 2/2
   303 | D:1      | Reached XP level 3. HP: 19/26 MP: 3/3
  1057 | D:2      | Reached XP level 4. HP: 32/33 MP: 4/4
  1258 | D:2      | Reached skill level 1 in Stealth
  1666 | D:3      | Reached XP level 5. HP: 37/37 MP: 5/5
  2086 | D:3      | Slain by a gnoll bouda

Illustrated notes

Levels and vault maps discovered:
D:1:      heliophobic_arrival_ceremonial_halls, layout_basic, minmay_domino_4
D:2:      layout_loops_ring, chequers_serial_rivers_large_a
D:3:      layout_loops_ring
D:4:      kennysheep_six_static_rooms, layout_loops_ring,
          mainiacjoe_overflow_alcove_1, gup_sewer_entry_pipe, minivault_19,
          uniq_pikel

Skill      XL: |  1  2  3  4  5 |
---------------+----------------+-----
Stealth        | 1 |  1.8
Dodging        | 4 |  4.3
Fighting       | 4 |  4.0
Unarmed Combat | |  3.4

Action                     |  1- 3 |  4- 6 || total
---------------------------+-------+-------++-------
  Melee: Unarmed           |    76 |    59 ||   135
         Constrict         |    22 |    21 ||    43
         Tentacles         |    15 |    13 ||    28
         Punch             |     4 |     2 ||     6
   Stab: Sleeping          |     2 |     1 ||     3
 Armour: Skin              |    15 |    17 ||    32
  Dodge: Dodged            |    37 |    34 ||    71
